 Dungeon Crawl Stone Soup version 0.32-a0-999-gfa1cc04b1d (webtiles) character file.

Game seed: 13842953316464849510

4438 Fodor the Cleaver (level 10, 0/132 HPs)
             Began as a Minotaur Fighter on Apr 25, 2024.
             Was an Initiate of Gozag.
             Slain by a goblin
             ... wielding a +0 hand axe
              (5 damage)
             ... in a bailey.
             The game lasted 00:26:39 (6999 turns).

Fodor the Cleaver (Minotaur Fighter)                Turns: 6999, Time: 00:26:40

Health: 0/132      AC: 11    Str: 25    XL:     10   Next: 14%
Magic:  0/9        EV:  9    Int:  5    God:    Gozag
Gold:   492        SH:  0    Dex: 10    Spells: 9/9 levels left

rFire   . . .        w - +3 war axe (venom)
rCold   . . .        (no shield)
rNeg    . . .        i - +1 chain mail
rPois   .            (helmet currently unavailable)
rElec   .            (cloak currently unavailable)
rCorr   .            (gloves currently unavailable)
SInv    .            (boots currently unavailable)
Will    .....        b - amulet of guardian spirit Stlth
                     (no ring)
HPRegen 0.42/turn    (no ring)
MPRegen 0.11/turn

%: guardian spirit
@: berserking (expiring), beast-form, gold aura, very quick
A: beast (slay +1), horns 2, retaliatory headbutt
a: Begin Untransformation, Renounce Religion, Potion Petition, Call Merchant,
Bribe Branch


You were in a bailey.
You worshipped Gozag.
Gozag was aware of your devotion.
You were a hulking beast.
You visited 2 branches of the dungeon, and saw 8 of its levels.
You also visited: Bailey.

You collected 591 gold pieces.
You paid 99 gold pieces to Gozag.

Inventory:

Hand Weapons
 p - a +0 heavy orcbow
 v - a +1 flail of protection
 w - a +3 war axe of venom (weapon)
 I - a +2 war axe of freezing
 O - a +0 hand axe
Missiles
 s - a throwing net (quivered)
Armour
 c - a +0 buckler
 i - a +1 chain mail (worn)
 k - a +0 plate armour
 C - a scarf of harm
Jewellery
 b - an amulet of guardian spirit (around neck)
 n - a ring of flight
Talismans
 a - a maw talisman
 r - a beast talisman (active)
Wands
 o - a wand of flame (7)
 t - a wand of polymorph (20)
 y - a wand of charming (6)
Scrolls
 f - a scroll of amnesia {unknown}
 g - 2 scrolls of teleportation
 l - a scroll of fear {unknown}
 q - 2 scrolls of enchant weapon {unknown}
 E - a scroll of immolation {unknown}
 F - a scroll of revelation {unknown}
 G - 2 scrolls of blinking
 H - a scroll of identify
 L - a scroll of fog {unknown}
Potions
 d - a potion of might
 e - 2 potions of resistance {unknown}
 j - 3 potions of degeneration {unknown}
 m - 2 potions of curing {unknown}
 u - 3 potions of haste {unknown}
 x - 2 potions of enlightenment {unknown}
 z - 3 potions of heal wounds {unknown}
 A - a potion of cancellation {unknown}
 B - 2 potions of mutation {unknown}
 D - 3 potions of attraction {unknown}
 J - a potion of magic {unknown}
 K - a potion of invisibility {unknown}
 M - a potion of experience {unknown}
 N - a potion of brilliance {unknown}


   Skills:
 + Level 8.1 Fighting
 + Level 8.8(10.1) Axes
 + Level 7.6(9.5) Maces & Flails
 + Level 2.0 Ranged Weapons
 + Level 7.9 Armour
 + Level 3.5 Dodging
 + Level 1.2 Stealth
 + Level 6.3 Shields
 + Level 3.0 Shapeshifting


You had 9 spell levels left.
You didn't know any spells.
Your spell library contained the following spells:

 Spells                   Type           Power      Damage    Failure   Level
 Sting                    Conj/Alch      0%         1d3       93%         1
 Ensorcelled Hibernation  Hex/Ice        0%         N/A       98%         2
 Mercury Vapours          Alch/Air       0%         N/A       98%         2
 Passwall                 Erth           0%         N/A       100%        3
 Swiftness                Air            0%         N/A       100%        3
 Olgreb's Toxic Radiance  Alch           0%         N/A       100%        4


Dungeon Overview and Level Annotations

Branches:
Dungeon (7/15)             Temple (1/1) D:6          Bailey (1/1)

Altars:
Ashenzari
Cheibriados
Dithmenos
Elyvilon
Fedhas
Gozag
Hepliaklqana
Kikubaaqudgha
Makhleb
Nemelex Xobeh
Okawaru
Qazlal
Ru
Sif Muna
Trog
Uskayaw
Vehumet
Wu Jian
Xom
Yredelemnul
Zin
The Shining One


Innate Abilities, Weirdness & Mutations

You are a hulking beast.
Your limbs bulge with bestial killing power. (Slay +1)
You have a pair of horns on your head.
You reflexively headbutt those who attack you in melee.


Message History

A red film seems to cover your vision as you go berserk!
You feel yourself moving faster!
You feel mighty!
The goblin is no longer distracted by gold.
The orc warrior no longer looks unusually strong.
The orc warlord roars a battlecry!
The orc warrior goes into a battle-frenzy!
You are too berserk!
You barely miss the orc warlord.
The orc warlord is moderately wounded.
You slice the orc warlord!!
The orc warlord looks as sick as possible!
The orc warlord is heavily wounded.
The orc warlord barely misses you. You furiously retaliate!
You headbutt the orc warlord! You slash the orc warlord!
The orc warlord looks as sick as possible!
The orc warlord is severely wounded.
The orc warlord closely misses you.
You slice the orc warlord!!
You kill the orc warlord!
Your Fighting skill increases to level 8!
Your Ranged Weapons skill increases to level 2!
Your Shapeshifting skill increases to level 3!
You have reached level 10!
The goblin hits you with a +0 hand axe.
* * * LOW HITPOINT WARNING * * *
The orc warrior hits you with a +0 war axe.
* * * LOW HITPOINT WARNING * * *
The goblin hits you but does no damage.
There is an open door, spattered with blood here.
Items here: $ ))))) [[[[[.
You slice the orc warrior!!
You kill the orc warrior!
You closely miss the goblin. You completely miss the goblin.
The goblin closely misses you. You furiously retaliate!
You headbutt the goblin.
You kill the goblin!
The goblin hits you with a +0 hand axe.
You die...
Your body crumbles into a pile of gold.

#.......#
##.........##.....##
...........####)##
#.........##..)..##
#.........#...[)..#
#.......##.......##.......##
.........#.......#.........#
.........###$gg###.........##
....⌠.....###h###.....⌠.....#
.........##ßß.ßß##.........##
.........#.......#.........#
#.......##......)##)......##
#.......)[........))......#
##.....##........)##.....##
#######.....⌠.....#######
##.........## #.........#


You could see 2 goblins.

Vanquished Creatures
  An orc warlord (Bailey)
  Grinder (D:3)
  A yak (D:6)
  A wraith (D:7)
  Edmund (D:4)
  A water moccasin (D:5)
  Duvessa (D:4)
  An ice beast (D:5)
  9 orc warriors
  An ogre (D:5)
  A phantom (D:5)
  A centaur (D:6)
  3 bullfrogs
  5 scorpions
  Dowan (D:4)
  A howler monkey (D:6)
  A bombardier beetle (D:6)
  A jelly (D:4)
  4 orc priests
  7 hounds
  A gnoll bouda (D:5)
  Ijyb (D:4)
  3 iguanas
  A sleepcap (D:5)
  6 orc wizards
  15 gnolls
  10 adders
  A river rat (D:5)
  2 white imps (D:7)
  7 ufetubi
  2 ribbon worms (D:2)
  A dart slug (D:2)
  16 orcs
  8 ball pythons
  3 endoplasms
  3 giant cockroaches
  17 goblins
  14 hobgoblins
  4 quokkas
  4 bats
  3 frilled lizards
  6 kobolds
  4 rats
175 creatures vanquished.

Vanquished Creatures (others)
  The ghost of THTSBRD the Gusty, an amateur TeAE of Ru (D:5)
1 creature vanquished.

Grand Total: 176 creatures vanquished

Notes
Turn   | Place    | Note
-------+----------+-------------------------------------------
     0 | D:1      | Fodor the Minotaur Fighter began the quest for the Orb.
     0 | D:1      | Reached XP level 1. HP: 19/19 MP: 0/0
   170 | D:1      | Reached XP level 2. HP: 27/27 MP: 1/1
   448 | D:1      | Found a faded altar of an unknown god.
   896 | D:2      | Reached XP level 3. HP: 33/33 MP: 2/2
  1707 | D:3      | You fall into a shaft and drop 2 floors!
  1707 | D:5      | Entered Level 5 of the Dungeon
  1717 | D:5      | Noticed a scorpion
  1728 | D:5      | Killed a scorpion
  1729 | D:5      | Reached XP level 4. HP: 38/41 MP: 3/3
  1742 | D:5      | Reached XP level 5. HP: 33/47 MP: 4/4
  1825 | D:3      | Reached skill level 1 in Dodging
  2050 | D:3      | Identified the +0 scale mail "Taaremed" {rPois Will- Str+3
                  | Stlth+}
  2183 | D:3      | Noticed Grinder
  2185 | D:3      | Paralysed by Grinder for 2 turns
  2188 | D:3      | Paralysed by Grinder for 3 turns
  2208 | D:3      | Paralysed by Grinder for 3 turns
  2218 | D:3      | Killed Grinder
  2219 | D:3      | Reached skill level 5 in Fighting
  2219 | D:3      | Reached skill level 5 in Axes
  2219 | D:3      | Reached skill level 5 in Armour
  2219 | D:3      | Reached XP level 6. HP: 17/56 MP: 5/5
  2907 | D:4      | Noticed Edmund
  2929 | D:4      | Killed Edmund
  2930 | D:4      | Reached XP level 7. HP: 11/61 MP: 6/6
  3327 | D:4      | Found Suisytwi's Overcharged Wands.
  3474 | D:4      | Noticed Ijyb
  3506 | D:4      | Killed Ijyb
  3595 | D:4      | Reached skill level 1 in Maces & Flails
  3766 | D:4      | Noticed Duvessa
  3767 | D:4      | Noticed Dowan
  3774 | D:4      | Killed Duvessa
  3775 | D:4      | Reached skill level 1 in Shapeshifting
  3787 | D:4      | Killed Dowan
  4237 | D:5      | Reached XP level 8. HP: 51/71 MP: 5/7
  4762 | D:5      | Reached skill level 5 in Shields
  4811 | D:5      | Reached skill level 5 in Maces & Flails
  4815 | D:5      | Found a runed translucent door.
  4816 | D:5      | Noticed THTSBRD's ghost (amateur TeAE)
  4832 | D:5      | Killed THTSBRD's ghost
  4840 | D:5      | Found a runed translucent door.
  5111 | D:6      | Reached XP level 9. HP: 78/79 MP: 8/8
  5418 | D:6      | Found a staircase to the Ecumenical Temple.
  5428 | Temple   | Entered the Ecumenical Temple
  5434 | Temple   | Became a worshipper of Gozag Ym Sagoz the Greedy
  5809 | D:6      | Reached skill level 1 in Stealth
  6139 | D:7      | Found a glowing silver altar of Zin.
  6139 | D:7      | Found a shadowy altar of Dithmenos.
  6231 | D:7      | Found a broken altar of Ashenzari.
  6231 | D:7      | Found a hide-covered altar of Uskayaw.
  6251 | D:7      | Found a flagged portal.
  6438 | Bailey   | Entered a bailey
  6778 | Bailey   | Reached skill level 1 in Ranged Weapons
  6975 | Bailey   | Noticed an orc warlord
  6997 | Bailey   | Killed an orc warlord
  6998 | Bailey   | Reached XP level 10. HP: 15/88 MP: 1/9
  6998 | Bailey   | HP: 5/132 [orc warrior/+0 war axe (5)]
  6999 | Bailey   | Slain by a goblin

Illustrated notes

Levels and vault maps discovered:
D:1:      lemuel_arrival_lava_pool, layout_loops_cross,
          shapermc_ecumenical_altar_petra, roderic_serpentine_path
D:2:      layout_loops_corners, dreamdust_mushroom_princess,
          guppyfry_early_lair_pool
D:3:      cheibrodos_pilgrimage, layout_basic, serial_curves, eino_curves_02,
          eino_curves_03, uniq_grinder
D:4:      layout_layer_cave, nicolae_shop_overcharged_wands, uniq_duvessa,
          uniq_ijyb, uniq_edmund
D:5:      layout_rooms, ebering_ghost_sewer_f
D:6:      kb_forest_paths, layout_basic, kennysheep_nondescript
D:7:      layout_rooms, gammafunk_temple_overflow_wave,
          chequers_temple_overflow_statue_of_worship, serial_shops, shop,
          enter_bailey_8
Temple:   eino_narrow_crystal_temple
Bailey:   bailey_axe_minmay_hex_keep, bailey

Skill      XL: |  1  2  3  4  5  6  7  8  9 |
---------------+----------------------------+-----
Fighting       | 4 5 6 7 8 |  8.1
Armour         | 4 5 6 7 |  7.9
Axes           | 4 5 6 8 |  8.8
Shields        | 4 5 6 |  6.3
Dodging        | 1 2 3 |  3.5
Maces & Flails | 2 6 7 |  7.6
Shapeshifting  | 1 2 3 |  3.0
Stealth        | 1 |  1.2
Ranged Weapons | 2 |  2.0

Action                     |  1- 3 |  4- 6 |  7- 9 | 10-12 || total
---------------------------+-------+-------+-------+-------++-------
  Melee: War axe           |    63 |    77 |   115 |     1 ||   256
         Headbutt          |     5 |    10 |    47 |       ||    62
         Flail             |       |       |   207 |       ||   207
         Unarmed           |       |       |     1 |       ||     1
   Fire: Orcbow            |       |       |    13 |       ||    13
    Use: Potion            |       |     1 |     1 |       ||     2
         Scroll            |       |       |     7 |       ||     7
 Armour: Scale mail        |    46 |    57 |       |       ||   103
         Skin              |       |     7 |       |       ||     7
         Chain mail        |       |       |   267 |     4 ||   271
  Dodge: Dodged            |    30 |    37 |   143 |     1 ||   211
  Block: Buckler           |    17 |    15 |    73 |       ||   105
   Form: Beast             |       |     1 |       |       ||     1

Table legend: (Time is in decaauts)
 A = Elapsed time spent in this place.
 B = Non-inter-level travel time spent in this place.
 C = Inter-level travel time spent in this place.
 D = Time resting spent in this place.
 E = Time spent auto-exploring this place.
 F = Levels seen in this place.
 G = Mean time per level.
                   A        B        C        D        E       F      G
               +--------+--------+--------+--------+--------+-----+--------+
         Total |   7117 |   7073 |     44 |    421 |   4664 |   9 |  790.8 |
       Dungeon |   6526 |   6482 |     44 |    101 |   4641 |   7 |  932.3 |
        Temple |     12 |     12 |      0 |      0 |      0 |   1 |   12.0 |
        Bailey |    578 |    578 |      0 |    320 |     23 |   1 |  578.0 |
               +--------+--------+--------+--------+--------+-----+--------+

Top non-repeatable levels by time:
     D:4: 1366 daAuts
     D:3: 1190 daAuts
     D:6: 1160 daAuts
     D:2: 906 daAuts
     D:1: 747 daAuts
     D:5: 736 daAuts
  Bailey: 578 daAuts
     D:7: 418 daAuts
  Temple: 12 daAuts
